 Dungeon Crawl Stone Soup version 0.28.0-45-g0d030f2227 (webtiles) character file.

Game seed: 1390059457392842034

23 101zpm the Chiller (level 2, -1/15 HPs)
             Began as a Deep Elf Ice Elementalist on Apr 20, 2022.
             Was an Initiate of Makhleb.
             Slain by Jessica
             ... wielding a +0 club
              (4 damage)
             ... on level 2 of the Dungeon.
             The game lasted 00:02:40 (1182 turns).

101zpm the Chiller (Deep Elf Ice Elementalist)      Turns: 1182, Time: 00:02:41

Health: -1/15      AC:  2    Str:  5    XL:     2   Next: 72%
Magic:  5/8        EV: 12    Int: 19    God:    Makhleb [......]
Gold:   34         SH:  0    Dex: 15    Spells: 6/7 levels left

rFire   . . .      SeeInvis .   (no weapon)
rCold   . . .      Faith    .   (no shield)
rNeg    . . .      Spirit   .   a - +0 robe
rPois   .          Reflect  .   (no helmet)
rElec   .          Harm     .   (no cloak)
rCorr   .          Rampage  .   (no gloves)
Will    .....                   (no boots)
Stlth   ++........              (no amulet)
HPRegen 0.05/turn               (no ring)
MPRegen 0.11/turn               (no ring)

@: no status effects
A: no striking features
a: Renounce Religion


You were on level 2 of the Dungeon.
You worshipped Makhleb.
Makhleb was noncommittal.
You visited 2 branches of the dungeon, and saw 5 of its levels.

You collected 34 gold pieces.

Inventory:

Armour
 a - a +0 robe (worn)
Scrolls
 b - a scroll of identify {unknown}
Potions
 c - a potion of magic {unknown}


   Skills:
 + Level 2.6 Dodging
 + Level 2.6 Stealth
 + Level 3.2 Spellcasting
 + Level 5.1 Ice Magic


You had 6 spell levels left.
You knew the following spells:

 Your Spells              Type           Power      Damage    Failure   Level
a - Freeze                Ice            88%        1d10      1%          1

Your spell library contained the following spells:

 Spells                   Type           Power      Damage    Failure   Level
 Frozen Ramparts          Ice            44%        1d6       5%          3
 Ozocubu's Armour         Ice            22%        N/A       5%          3
 Hailstorm                Conj/Ice       12%        3d5       45%         4


Dungeon Overview and Level Annotations

Branches:
Dungeon (4/15)             Temple (1/1) D:4

Altars:
Ashenzari
Cheibriados
Dithmenos
Elyvilon
Fedhas
Gozag
Hepliaklqana
Kikubaaqudgha
Makhleb
Nemelex Xobeh
Ru
Trog
Uskayaw
Vehumet
Wu Jian
Xom
Yredelemnul
The Shining One

Shops:
D:4 [

Annotations:
D:2 Jessica


Message History

Press: ? - help, Q - select action Shift-Dir - straight line, f - ball python
Aim: a ball python (severely wounded)
You freeze the ball python.
You kill the ball python!
Makhleb accepts your kill.
Found a mace.
A rat comes into view.
You see here a +0 mace.
A rat is nearby!
Found 24 stones.
Jessica the Apprentice Sorceress comes into view.
She is wielding a +0 club.
Aiming: Freeze (safe; 1% risk of failure)
Press: ? - help, Q - select action Shift-Dir - straight line, f - rat
Aim: a rat (asleep)
You freeze the rat.
You kill the rat!
Makhleb accepts your kill.
A bat comes into view.
Found 10 gold pieces.
You see here a rat corpse.
Jessica shouts!
Jessica casts a spell.
Jessica blinks!
Found a notched copper ring.
The bat closely misses you.
You see here 24 stones.
The bat closely misses you. Jessica hits you with a +0 club.
Aiming: Freeze (safe; 1% risk of failure)
Press: ? - help, Q - select action Shift-Dir - straight line, f - Jessica
Aim: Jessica, wielding a +0 club and wearing a +0 robe You freeze Jessica.
Jessica is heavily wounded.
The bat hits you but does no damage. Jessica hits you with a +0 club.
* * * LOW HITPOINT WARNING * * *
Aiming: Freeze (safe; 1% risk of failure)
Press: ? - help, Q - select action Shift-Dir - straight line, f/p - Jessica
Aim: Jessica, wielding a +0 club and wearing a +0 robe (heavily wounded)
You freeze Jessica.
Jessica is severely wounded.
The bat barely misses you. Jessica hits you with a +0 club.
You die...

##. .. # .. . ## #.# ..
.. #.##.#.# #.. #.
##.#..#.#
#.#.#.#######.......#
#=.$.......#...#.##.####
#......b.....#......#...
......@@(.†.# #.........
............###..##.#...
...........#...#.##.####
......#######.......#
.#...# ####)#### ##.#
#$# ## #.# #.# ..# #####


You could see Jessica and a bat.

Vanquished Creatures
  An adder (D:2)
  A worm (D:4)
  A dart slug (D:4)
  3 ball pythons
  A bat (D:2)
  A hobgoblin (D:4)
  A kobold (D:2)
  A rat (D:2)
10 creatures vanquished.

Notes
Turn   | Place    | Note
-------+----------+-------------------------------------------
     0 | D:1      | 101zpm the Deep Elf Ice Elementalist began the quest for
                  | the Orb.
     0 | D:1      | Reached XP level 1. HP: 10/10 MP: 6/6
   123 | D:4      | Found a staircase to the Ecumenical Temple.
   143 | D:4      | Noticed a hound
   192 | Temple   | Entered the Ecumenical Temple
   314 | Temple   | Became a worshipper of Makhleb the Destroyer
   766 | D:4      | Found Nuob Soy's Armour Shoppe.
   770 | D:4      | Noticed an iguana
   780 | D:3      | Reached XP level 2. HP: 15/15 MP: 6/8
   828 | D:2      | Reached skill level 5 in Ice Magic
  1174 | D:2      | Noticed Jessica
  1182 | D:2      | Slain by Jessica

Illustrated notes

Levels and vault maps discovered:
D:1:      dpeg_arrival_pits, layout_loops_corners,
          shapermc_ecumenical_altar_flowoftime
D:2:      layout_loops_cross, kennysheep_generic_room_10, uniq_jessica
D:3:      layout_rooms, uniq_sigmund
D:4:      layout_gridville, temple_pool_b, serial_shops, nicolae_diamond_shop,
          amcnicky_mini_rare_corridor_liquid, minmay_pentangle
Temple:   compressed_dpeg_circular_temple

Skill      XL: |  1  2 |
---------------+-------+-----
Ice Magic      | 5 |  5.1
Dodging        | |  2.6
Stealth        | |  2.6
Spellcasting   | |  3.2

Action                   || total
-------------------------++-------
Melee: Unarmed           ||     2
 Cast: Freeze            ||    20
Armor: Robe              ||     1
Dodge: Dodged            ||     9
